 Dungeon Crawl Stone Soup version 0.31-a0-986-g5e6e4ef867 (webtiles) character file.

Game seed: 15009099814541837304

264 Twinkles the Firebug (level 6, -11/44 HPs)
             Began as a Gnoll Wanderer on Nov 19, 2023.
             Was an Initiate of Hepliaklqana.
             Killed from afar by Ijyb (19 damage)
             ... with a bolt of acid
             ... on level 4 of the Dungeon.
             The game lasted 00:17:20 (4047 turns).

Twinkles the Firebug (Gnoll Wanderer)               Turns: 4047, Time: 00:17:21

Health: -11/44     AC:  0    Str: 10    XL:     6   Next: 19%
Magic:  9/14       EV: 12    Int: 13    God:    Hepliaklqana [......]
Gold:   132        SH:  0    Dex: 18    Spells: 14/15 levels left

rFire   . . .        r - +5 short sword "Huyf" {freeze, Dex+5}
rCold   . . .        (no shield)
rNeg    + . .        s - +0 leather armour
rPois   .            (no helmet)
rElec   .            (no cloak)
rCorr   .            b - +0 pair of gloves
SInv    +            (no boots)
Will    .....        j - amulet of regeneration
Stlth   ++           n - ring of positive energy
HPRegen 1.07/turn    q - ring of see invisible
MPRegen 0.14/turn

%: no passive effects
@: corroded
A: fangs 1, strong nose, distributed training
a: Renounce Religion


You were on level 4 of the Dungeon.
You worshipped Hepliaklqana.
Hepliaklqana was noncommittal.
You visited 2 branches of the dungeon, and saw 5 of its levels.

You collected 132 gold pieces.

Inventory:

Hand Weapons
 a - a +0 dagger
 k - a +0 hand axe
 o - a +3 dagger
 r - the +5 short sword "Huyf" (weapon) {freeze, Dex+5}
   (You found it on level 4 of the Dungeon)

   Dex+5:     It affects your dexterity (+5).
Armour
 b - a +0 pair of gloves (worn)
 d - a +0 robe
 s - a +0 leather armour (worn)
Jewellery
 j - an amulet of regeneration (around neck)
 n - a ring of positive energy (left hand)
 q - a ring of see invisible (right hand)
Scrolls
 e - a scroll of immolation {unknown}
 g - 2 scrolls of enchant armour {unknown}
 h - 2 scrolls of amnesia {unknown}
 i - a scroll of teleportation {unknown}
 l - a scroll of poison {unknown}
 m - a scroll of revelation {unknown}
 u - a scroll of noise {unknown}
 E - 3 scrolls of fear
Potions
 C - 2 potions of cancellation
 H - a potion of haste
 J - a potion of curing
 M - a potion of might
 T - a potion of berserk rage


   Skills:
 + Level 1.9 Fighting
 + Level 1.9 Short Blades
 + Level 1.9 Long Blades
 + Level 4.9 Axes
 + Level 1.9 Maces & Flails
 + Level 1.9 Polearms
 + Level 1.9 Staves
 + Level 1.9 Ranged Weapons
 + Level 3.2 Throwing
 + Level 1.9 Armour
 + Level 1.9 Dodging
 + Level 3.0 Stealth
 + Level 1.9 Shields
 + Level 1.9 Unarmed Combat
 + Level 5.3 Spellcasting
 + Level 1.5 Conjurations
 + Level 1.5 Hexes
 + Level 1.5 Summonings
 + Level 1.5 Necromancy
 + Level 1.5 Translocations
 + Level 1.5 Transmutations
 + Level 5.6 Fire Magic
 + Level 1.5 Ice Magic
 + Level 1.5 Air Magic
 + Level 1.5 Earth Magic
 + Level 1.5 Poison Magic
 + Level 2.1 Invocations
 + Level 3.2 Evocations
 + Level 1.7 Shapeshifting


You had 14 spell levels left.
You knew the following spells:

 Your Spells              Type           Power      Damage    Failure   Level
a - Foxfire               Conj/Fire      48%        2x1d6     5%          1

Your spell library contained the following spells:

 Spells                   Type           Power      Damage    Failure   Level
 Inner Flame              Hex/Fire       12%        N/A       16%         3
 Lesser Beckoning         Tloc           14%        N/A       19%         2
 Ignite Poison            Fire/Tmut/Pois 10%        N/A       22%         3
 Gell's Gravitas          Tloc           7%         N/A       36%         3
 Teleport Other           Tloc           7%         N/A       36%         3


Dungeon Overview and Level Annotations

Branches:
Dungeon (4/15) Zot: 20002  Temple (1/1) D:4 Zot: 5949

Altars:
Ashenzari
Dithmenos
Fedhas
Gozag
Hepliaklqana
Kikubaaqudgha
Makhleb
Okawaru
Ru
Trog
Uskayaw
Vehumet
Wu Jian
Xom
Yredelemnul
Zin
The Shining One

Shops:
D:1 :

Annotations:
D:3 Grinder
D:4 Ijyb


Innate Abilities, Weirdness & Mutations

You have very sharp teeth.
Your uncanny sense of smell can sniff out nearby items.
Your experience applies equally to all skills.


Message History

Ijyb hits you with a +1 dagger of freezing.
Ijyb freezes you.
Casting: Foxfire (safe; 5% risk of failure)
Press: ? - help, Q - select action Dir - look around, f - activate You conjure some foxfire!
Ijyb zaps a wand.
The bolt of acid hits you!!
You hit Ijyb but do no damage. Your bite misses Ijyb.
Ijyb is heavily wounded.
The foxfire hits Ijyb.
Ijyb is heavily wounded.
The foxfire hits Ijyb.
Ijyb is severely wounded.
Ijyb zaps a wand.
The bolt of acid misses you.
Casting: Foxfire (safe; 5% risk of failure)
Press: ? - help, Q - select action Dir - look around, f - activate You conjure some foxfire!
Ijyb zaps a wand.
The bolt of acid hits you!
* * * LOW HITPOINT WARNING * * *
The acid corrodes you! The bolt of acid hits your foxfire!
The acid corrodes your foxfire!
Casting: Foxfire (safe; 5% risk of failure)
Confirm with . or Enter, or press ? or * to list all spells.
Okay, then.
Unknown command.
You aren't carrying any items that you can evoke.
Okay, then.
Unknown command.
You barely miss Ijyb.
Ijyb is severely wounded.
The foxfire hits Ijyb.
Ijyb is almost dead.
Ijyb hits you with a +1 dagger of freezing.
* * * LOW HITPOINT WARNING * * *
Ijyb freezes you.
* * * LOW HITPOINT WARNING * * *
Casting: Foxfire (safe; 5% risk of failure)
Press: ? - help, Q - select action Dir - look around, f - activate You conjure some foxfire!
Ijyb zaps a wand.
The bolt of acid hits you!!
You die...

#........#..#..#..##
#........#.###...##
#########..# ##.##
#<######.## ###
########.#......#######
#......#.#............#
'......#.#..##........#
#........#.###........#
#...###.#..# #..@v...)#
###...#....###..gv....#
......#..##...........#
..###...###.###.......#
.....>### #...##.....##
.#....#######.##.....#
.#.###....# #.##.[...#
.#.###.##.###.....####
.......##...#..##.#


You could see Ijyb (ally target).

Vanquished Creatures
  Blork the orc (D:4)
  Terence (D:2)
  5 adders
  2 ufetubi (D:3)
  6 worms
  2 dart slugs
  An orc (D:3)
  5 bats
  14 endoplasms
  3 giant cockroaches
  4 hobgoblins
  6 jackals
  3 quokkas (D:4)
  9 ball pythons
  5 frilled lizards
  14 goblins
  10 kobolds
  4 rats
95 creatures vanquished.

Vanquished Creatures (others)
  119 foxfires
119 creatures vanquished.

Grand Total: 214 creatures vanquished

Notes
Turn   | Place    | Note
-------+----------+-------------------------------------------
     0 | D:1      | Twinkles the Gnoll Wanderer began the quest for the Orb.
     0 | D:1      | Twinkles set off with the following items: a +0 hand axe, a
                  | +0 pair of gloves, a +0 robe, a potion of curing; and the
                  | following spell memorised: Foxfire; and the following
                  | spells available to memorise: Inner Flame, Ignite Poison.
     0 | D:1      | Reached XP level 1. HP: 13/13 MP: 6/6
   184 | D:1      | Reached XP level 2. HP: 10/19 MP: 7/7
   257 | D:1      | Found Hafeafomm's Book Emporium.
   628 | D:1      | HP: 6/20 [goblin/+0 club (2)]
   634 | D:1      | HP: 1/20 [kobold/+0 dagger (3)]
   737 | D:1      | Reached skill level 5 in Spellcasting
   737 | D:1      | Reached XP level 3. HP: 25/25 MP: 7/9
  1209 | D:1      | Reached skill level 1 in Invocations
  1348 | D:2      | Reached skill level 1 in Fighting
  1348 | D:2      | Reached skill level 1 in Short Blades
  1348 | D:2      | Reached skill level 1 in Long Blades
  1348 | D:2      | Reached skill level 1 in Maces & Flails
  1348 | D:2      | Reached skill level 1 in Polearms
  1348 | D:2      | Reached skill level 1 in Staves
  1348 | D:2      | Reached skill level 1 in Ranged Weapons
  1348 | D:2      | Reached skill level 1 in Armour
  1348 | D:2      | Reached skill level 1 in Dodging
  1348 | D:2      | Reached skill level 1 in Shields
  1348 | D:2      | Reached skill level 1 in Unarmed Combat
  1538 | D:2      | Reached XP level 4. HP: 32/32 MP: 8/11
  1646 | D:2      | Noticed Terence
  1671 | D:2      | Killed Terence
  1672 | D:2      | Reached skill level 1 in Conjurations
  1672 | D:2      | Reached skill level 1 in Hexes
  1672 | D:2      | Reached skill level 1 in Summonings
  1672 | D:2      | Reached skill level 1 in Necromancy
  1672 | D:2      | Reached skill level 1 in Translocations
  1672 | D:2      | Reached skill level 1 in Transmutations
  1672 | D:2      | Reached skill level 1 in Ice Magic
  1672 | D:2      | Reached skill level 1 in Air Magic
  1672 | D:2      | Reached skill level 1 in Earth Magic
  1672 | D:2      | Reached skill level 1 in Poison Magic
  1672 | D:2      | Reached skill level 1 in Shapeshifting
  2515 | D:3      | Reached XP level 5. HP: 37/37 MP: 12/12
  2537 | D:3      | Found a burning altar of Makhleb.
  2540 | D:3      | Found a shimmering altar of Xom.
  2577 | D:3      | Found a blossoming altar of Fedhas.
  2907 | D:3      | Noticed Grinder
  3286 | D:4      | Found a staircase to the Ecumenical Temple.
  3293 | Temple   | Entered the Ecumenical Temple
  3331 | Temple   | Became a worshipper of Hepliaklqana the Forgotten
  3400 | D:4      | Identified the +5 short sword "Huyf" {freeze, Dex+5}
  3403 | D:4      | Noticed Ijyb
  3607 | D:4      | Noticed Blork the orc
  3614 | D:4      | Killed Blork the orc
  3615 | D:4      | Reached XP level 6. HP: 34/44 MP: 12/14
  4045 | D:4      | HP: 11/44 [Ijyb/bolt of acid (12)]
  4047 | D:4      | Killed from afar by Ijyb

Illustrated notes

Levels and vault maps discovered:
D:1:      wander_arrival_lonely_grave, layout_basic, serial_shops, shop
D:2:      layout_rooms, serial_corexii_hall, chequers_hall_statues_y,
          corexii_hall_statues_i, corexii_hall_statues_x,
          corexii_hall_statues_i, corexii_hall_statues_x,
          corexii_hall_statues_deadend, grunt_ministairs_10, uniq_terence
D:3:      layout_basic, minitemple, uniq_grinder
D:4:      dreamdust_elfheim, layout_basic, minmay_temple_entry_arrows,
          uniq_blork_the_orc, uniq_ijyb
Temple:   nicolae_temple_great_sept

Skill      XL: |  1  2  3  4  5 |
---------------+----------------+-----
Spellcasting   | 5 |  5.3
Invocations    | 1 2 |  2.1
Fighting       | 1 |  1.9
Short Blades   | 1 |  1.9
Long Blades    | 1 |  1.9
Maces & Flails | 1 |  1.9
Polearms       | 1 |  1.9
Staves         | 1 |  1.9
Ranged Weapons | 1 |  1.9
Armour         | 1 |  1.9
Dodging        | 1 |  1.9
Shields        | 1 |  1.9
Unarmed Combat | 1 |  1.9
Conjurations   | 1 |  1.5
Hexes          | 1 |  1.5
Summonings     | 1 |  1.5
Necromancy     | 1 |  1.5
Translocations | 1 |  1.5
Transmutations | 1 |  1.5
Ice Magic      | 1 |  1.5
Air Magic      | 1 |  1.5
Earth Magic    | 1 |  1.5
Poison Magic   | 1 |  1.5
Shapeshifting  | 1 |  1.7
Throwing       | 3 |  3.2
Evocations     | 3 |  3.2
Stealth        | 3 |  3.0
Axes           | |  4.9
Fire Magic     | |  5.6

Action                     |  1- 3 |  4- 6 || total
---------------------------+-------+-------++-------
  Melee: Hand axe          |   102 |       ||   102
         Bite              |     8 |    15 ||    23
         Dagger            |    43 |    97 ||   140
         Punch             |       |     2 ||     2
         Short sword       |       |    11 ||    11
   Cast: Foxfire           |    11 |    55 ||    66
    Use: Potion            |     1 |       ||     1
         Scroll            |       |     5 ||     5
   Stab: Sleeping          |     6 |     6 ||    12
 Armour: Robe              |   109 |    55 ||   164
         Leather armour    |       |     9 ||     9
  Dodge: Dodged            |    79 |    64 ||   143

Table legend: (Time is in decaauts)
 A = Elapsed time spent in this place.
 B = Non-inter-level travel time spent in this place.
 C = Inter-level travel time spent in this place.
 D = Time resting spent in this place.
 E = Time spent auto-exploring this place.
 F = Levels seen in this place.
 G = Mean time per level.
                   A        B        C        D        E       F      G
               +--------+--------+--------+--------+--------+-----+--------+
         Total |   4047 |   3675 |    372 |     88 |   2712 |   5 |  809.4 |
       Dungeon |   3996 |   3652 |    344 |     88 |   2700 |   4 |  999.0 |
        Temple |     50 |     22 |     28 |      0 |     12 |   1 |   50.0 |
               +--------+--------+--------+--------+--------+-----+--------+

Top non-repeatable levels by time:
     D:1: 1222 daAuts
     D:3: 1146 daAuts
     D:2: 911 daAuts
     D:4: 716 daAuts
  Temple: 50 daAuts
